 Dungeon Crawl Stone Soup version 0.24-a0-778-g74da537585 (webtiles) character file.

Game seed: 16584997475932138057, levelgen mode: deterministic

1692 MalarOregon the Chiller (level 8, -10/57 HPs)
             Began as a White Draconian Ice Elementalist on Oct 7, 2019.
             Was an Initiate of Gozag.
             Mangled by a purple ugly thing (14 damage)
             ... on level 6 of the Dungeon.
             The game lasted 00:15:34 (6199 turns).

MalarOregon the Chiller (DrIE)                      Turns: 6199, Time: 00:15:34

Health: -10/57     AC:  7    Str: 11    XL:     8   Next: 72%
Magic:  12/18      EV: 12    Int: 18    God:    Gozag
Gold:   567        SH:  0    Dex: 11    Spells: 9/20 levels left

rFire    . . .     SeeInvis .   n - +4 dagger (venom)
rCold    + . .     Gourm    .   (no shield)
rNeg     . . .     Faith    .   (armour unavailable)
rPois    .         Spirit   .   (helmet restricted)
rElec    .         Reflect  .   (no cloak)
rCorr    .         Harm     .   (no gloves)
MR       .....                  u - +0 pair of boots
Stlth    ++........             (no amulet)
HPRegen  0.19/turn              (no ring)
MPRegen  0.16/turn              (no ring)

@: no status effects
A: breathe frost, unfitting armour, cold resistance 1, cold-blooded, AC +6
a: Breathe Frost, Potion Petition, Call Merchant, Bribe Branch, Renounce
Religion


You were on level 6 of the Dungeon.
You worshipped Gozag.
Gozag was pleased with you.
You were hungry.

You visited 2 branches of the dungeon, and saw 7 of its levels.

You collected 618 gold pieces.
You paid 51 gold pieces to Gozag.

Inventory:

Hand Weapons
 n - a +4 dagger of venom (weapon)
   (You took it off an orc priest on level 4 of the Dungeon)
Armour
 u - a +0 pair of boots (worn)
   (You found it on level 5 of the Dungeon)
Wands
 r - a wand of clouds (5)
   (You found it on level 5 of the Dungeon)
 x - a wand of acid (6)
   (You found it on level 5 of the Dungeon)
Scrolls
 a - 10 scrolls of identify {unknown}
 c - 5 scrolls of remove curse {unknown}
 d - a scroll of noise {unknown}
 f - 5 scrolls of amnesia {unknown}
 h - a scroll of random uselessness {unknown}
 j - a scroll of fog {unknown}
 k - 3 scrolls of teleportation {unknown}
 l - a scroll of enchant armour {unknown}
 m - 2 scrolls of blinking {unknown}
 o - 4 scrolls of immolation {unknown}
 q - a scroll of fear {unknown}
 t - a scroll of summoning {unknown}
Potions
 b - a potion of resistance {unknown}
 g - 2 potions of lignification {unknown}
 i - 2 potions of curing {unknown}
 p - a potion of flight {unknown}
 s - a potion of mutation {unknown}
 v - a potion of agility {unknown}
 w - a potion of haste {unknown}
Comestibles
 e - 9 rations {!d}


   Skills:
 - Level 1.7 Dodging
 - Level 1.7 Stealth
 + Level 6.7 Spellcasting
 + Level 6.9 Conjurations
 + Level 7.3 Ice Magic


You had 9 spell levels left.
You knew the following spells:

 Your Spells              Type           Power        Failure   Level  Hunger
a - Freeze                Ice            ####         1%          1    None
c - Throw Icicle          Conj/Ice       ####....     6%          4    ####...
d - Summon Ice Beast      Ice/Summ       ###.....     24%         4    ####...
x - Throw Frost           Conj/Ice       ####..       1%          2    None

Your spell library contained the following spells:

 Spells                   Type           Power        Failure   Level  Hunger
 Ozocubu's Armour         Chrm/Ice       ###.....     8%          3    ##.....


Dungeon Overview and Level Annotations

Branches:
Dungeon (6/15)             Temple (1/1) D:4

Altars:
Ashenzari
Elyvilon
Fedhas
Gozag
Hepliaklqana
Kikubaaqudgha
Nemelex Xobeh
Qazlal
Ru
Sif Muna
Uskayaw
Vehumet
Wu Jian
Xom
Yredelemnul
Zin
The Shining One


Innate Abilities, Weirdness & Mutations

You can breathe waves of freezing cold.
You can buffet flying creatures when you breathe cold.
Your icy white scales are hard. (AC +6)
You cannot fit into any form of body armour.
Your flesh is cold resistant. (rC+)
You are cold-blooded and may be slowed by cold attacks.


Message History

Found three items.
Found a stone staircase leading down.
o - 4 scrolls labeled QUUZXY HYJA (gained 1)
w - a black potion
a - 10 scrolls labeled DIXEMAL PUIDWI (gained 1)
You are feeling hungry.
i - 2 yellow potions (gained 1)
You now have 550 gold pieces (gained 14).
An ogre comes into view. It is wielding a +0 giant club.
The ogre shouts!
An ogre is nearby!
An ogre is nearby!
Aim: an ogre, wielding a +0 giant club The puff of frost hits the ogre.
Aim: an ogre, wielding a +0 giant club (moderately wounded)
The puff of frost misses the ogre.
Aim: an ogre, wielding a +0 giant club (moderately wounded)
The puff of frost hits the ogre!
Aim: an ogre, wielding a +0 giant club (severely wounded)
The puff of frost hits the ogre.
Aim: an ogre, wielding a +0 giant club (almost dead)
The puff of frost hits the ogre!
You kill the ogre!
You start resting.
f - 5 scrolls labeled ZIUSER QASANOO (gained 1)
You now have 567 gold pieces (gained 17).
You see here a +0 giant club.
Found a ration.
e - 9 rations {!d} (gained 1)
A purple ugly thing comes into view.
The purple ugly thing gurgles horribly!
A purple ugly thing is nearby!
A purple ugly thing is nearby!
Aim: a purple ugly thing The shard of ice hits the purple ugly thing.
Aim: a purple ugly thing (lightly wounded)
You freeze the purple ugly thing!
The purple ugly thing tail-slaps you but does no damage.
A giant cockroach comes into view.
Aim: a purple ugly thing (lightly wounded)
You freeze the purple ugly thing. The purple ugly thing tail-slaps you!
Aim: a purple ugly thing (moderately wounded)
You freeze the purple ugly thing. The purple ugly thing tail-slaps you!
Aim: a purple ugly thing (moderately wounded)
You freeze the purple ugly thing. The purple ugly thing tail-slaps you!
* * * LOW HITPOINT WARNING * * *
The purple ugly thing tail-slaps you!
* * * LOW HITPOINT WARNING * * *
The purple ugly thing tail-slaps you!
You die...
Your body crumbles into a pile of gold.

##.# #..# #### #####.########
....# ##########.....##.....##
....# #......................##
....# #.......................#
....#####.................).....#
......##.........us.............#
......#>...###.#@.[......(......#
...........###.#................#
................................#
...........###.##..............##
...........#...........##.....##
...........>..#####......######
.............#...........#
......................(..#
...............####......#


You could see a purple ugly thing and a giant cockroach.

Vanquished Creatures
  2 ice beasts (D:5)
  3 sky beasts
  3 ogres
  3 centaurs (D:6)
  A bullfrog (D:6)
  A water moccasin skeleton (D:6)
  A crimson imp (D:5)
  2 hounds
  A quasit (D:6)
  4 orc priests
  2 orc wizards
  6 worker ants
  7 adders
  3 gnolls
  A howler monkey skeleton (D:5)
  An ooze (D:6)
  2 worms
  A dart slug (D:1)
  6 leopard geckos
  15 orcs
  8 bats
  3 giant cockroaches
  8 goblins
  4 hobgoblins
  6 kobolds
  2 quokkas
  7 frilled lizards
  A quokka skeleton (D:4)
  7 rats
111 creatures vanquished.

Notes
Turn   | Place    | Note
-------+----------+-------------------------------------------
     0 | D:1      | MalarOregon the Draconian Ice Elementalist began the quest
                  | for the Orb.
     0 | D:1      | Reached XP level 1. HP: 14/14 MP: 3/3
   264 | D:1      | Reached XP level 2. HP: 15/20 MP: 0/5
   359 | D:1      | Learned a level 2 spell: Throw Frost
   951 | D:2      | Found a sacrificial altar of Ru.
  1065 | D:2      | Reached XP level 3. HP: 22/26 MP: 0/7
  1282 | D:1      | Reached skill level 4 in Ice Magic
  1282 | D:1      | Reached XP level 4. HP: 25/33 MP: 0/8
  1541 | D:2      | Found a shattered altar of Ashenzari.
  1694 | D:2      | Found a blossoming altar of Fedhas.
  1953 | D:3      | Found a sparkling altar of Nemelex Xobeh.
  2045 | D:3      | Reached XP level 5. HP: 35/38 MP: 3/10
  2918 | D:3      | Reached XP level 6. HP: 10/45 MP: 1/12
  3232 | D:4      | Found a staircase to the Ecumenical Temple.
  3598 | Temple   | Entered the Ecumenical Temple
  3653 | Temple   | Became a worshipper of Gozag Ym Sagoz the Greedy
  3726 | D:4      | Your scales start taking on an icy white colour.
  3726 | D:4      | Reached skill level 5 in Ice Magic
  3726 | D:4      | Reached XP level 7. HP: 49/50 MP: 13/13
  3726 | D:4      | Gained mutation: Your flesh is cold resistant. (rC+) [White
                  | Draconian growth]
  3732 | D:4      | Learned a level 4 spell: Throw Icicle
  3737 | D:4      | Learned a level 4 spell: Summon Ice Beast
  3959 | D:5      | Entered Level 5 of the Dungeon
  4291 | D:5      | Reached skill level 5 in Conjurations
  4291 | D:5      | Reached skill level 6 in Ice Magic
  4696 | D:5      | Reached skill level 5 in Spellcasting
  5119 | D:6      | Reached XP level 8. HP: 35/57 MP: 7/16
  5955 | D:5      | Reached skill level 7 in Ice Magic
  6182 | D:6      | Noticed a purple ugly thing
  6189 | D:6      | HP: 2/57 [purple ugly thing (17)]
  6199 | D:6      | Mangled by a purple ugly thing

Levels and vault maps discovered:
D:1:      lightli_arrival_boilingwater, layout_basic
D:2:      layout_rooms, evilmike_ruin_ashenzari, marbit_many_paths,
          lemuel_doored_altar
D:3:      layout_basic, nemelex_xobeh_ov_fountains_minmay
D:4:      layout_rooms, temple_statues, first_ration
D:5:      layout_basic, serial_glass, glass_columns_b, glass_columns_c
D:6:      minmay_cornered_nines, layout_rooms
Temple:   cyrus_circular_temple

Skill      XL: |  1  2  3  4  5  6  7  8 |
---------------+-------------------------+-----
Spellcasting   | 3 4 5 6 |  6.7
Ice Magic      | 4 5 6 7 |  7.3
Conjurations   | 2 3 4 6 |  6.9
Dodging        | |  1.7
Stealth        | |  1.7

Action                   |  1- 3 |  4- 6 |  7- 9 || total
-------------------------+-------+-------+-------++-------
Melee: Dagger            |    44 |    83 |    94 ||   221
       Tailslap          |     4 |    10 |    11 ||    25
 Cast: Freeze            |    33 |    26 |    21 ||    80
       Throw Frost       |     7 |    52 |    23 ||    82
       Throw Icicle      |       |       |    15 ||    15
 Stab: Sleeping          |     3 |     1 |     1 ||     5
  Eat: Chunk             |       |    11 |       ||    11
       Ration            |       |       |     3 ||     3
Armor: Skin              |    14 |    31 |    64 ||   109
Dodge: Dodged            |    54 |    72 |    81 ||   207

Table legend:
 A = Non-vault XP
 B = Vault XP
 C = Vault XP percentage of total XP
 D = Non-vault monster count
 E = Vault monster count
 F = Vault count percentage of total count
                 A         B        C        D         E       F
            +---------+---------+-------+---------+---------+-------
      Total |    2417 |       1 |   0.0 |     110 |       1 |   0.9
            +---------+---------+-------+---------+---------+-------
        D:1 |      64 |       0 |   0.0 |      21 |       0 |   0.0
        D:2 |      67 |       1 |   1.5 |      17 |       1 |   5.6
        D:3 |     260 |       0 |   0.0 |      28 |       0 |   0.0
        D:4 |     357 |       0 |   0.0 |      13 |       0 |   0.0
        D:5 |     612 |       0 |   0.0 |      15 |       0 |   0.0
        D:6 |    1057 |       0 |   0.0 |      16 |       0 |   0.0
            +---------+---------+-------+---------+---------+-------
